 Dungeon Crawl Stone Soup version 0.23-a0-484-g29ba69c (webtiles) character file.

97059 mopl the Brawler (level 15, -8/145 HPs)
             Began as a Troll Hunter on Nov 30, 2018.
             Was a High Priest of Okawaru.
             Shot with a bolt by a yaktaur (13 damage)
             ... on level 15 of the Dungeon.
             The game lasted 01:00:39 (22926 turns).

mopl the Brawler (Troll Hunter)                    Turns: 22926, Time: 01:00:39

Health: -8/145     AC:  8    Str: 24    XL:     15   Next: 71%
Magic:  19/20      EV: 16    Int:  7    God:    Okawaru [*****.]
Gold:   686        SH:  0    Dex: 15    Spells: 14/14 levels left

rFire    + + .     SeeInvis .     - Unarmed
rCold    + . .     Gourm    +   (no shield)
rNeg     . . .     Faith    +   p - +0 troll leather armour
rPois    .         Spirit   .   w - +0 hat {MR+}
rElec    .         Reflect  .   R - scarf {cloud immunity}
rCorr    +         Harm     .   (gloves unavailable)
MR       +++..                  (boots unavailable)
Stlth    +++.......             m - amulet of faith {!P}
HPRegen  1.14/turn              E - ring of protection from magic
MPRegen  0.17/turn              a - ring "Worehiel" {rCorr rF++ rC+, =R}

@: about to teleport, heroism
A: large, unfitting armour, claws 3, fast metabolism 3, gourmand, regeneration
1, shaggy fur 1, tough skin 2
a: Heroism, Finesse, Renounce Religion


You were on level 15 of the Dungeon.
You worshipped Okawaru.
Okawaru was extremely pleased with you.
You were completely stuffed.

You visited 4 branches of the dungeon, and saw 24 of its levels.
You also visited: Ossuary.

You collected 2329 gold pieces.
You spent 1643 gold pieces at shops.

Inventory:

Hand Weapons
 b - a +9 blowgun
 K - the +4 hunting sling of the Tent {venom, rF+ Dex+3 SInv}
   (You found it on level 9 of the Dungeon)

   It poisons the ammo it fires.
   It affects your dexterity (+3).
   It protects you from fire.
   It lets you see invisible.
 N - a +0 scimitar of flaming
Missiles
 c - 36 large rocks
 d - 4 throwing nets
 i - 504 stones
 j - 66 poisoned needles
 l - 51 tomahawks (quivered)
 G - 7 curare-tipped needles
 M - 7 needles of confusion
 O - 17 silver tomahawks
 P - 7 poisoned javelins
 V - a poisoned tomahawk
Armour
 p - a +0 troll leather armour (worn)
 u - the +1 swamp dragon scales of the Commoners {+Fly rPois Str+3 Dex-4}
   (Okawaru gifted it to you on level 13 of the Dungeon)

   It affects your strength (+3).
   It affects your dexterity (-4).
   It protects you from poison.
   It lets you fly.
 w - a +0 hat of magic resistance (worn)
 R - a scarf of cloud immunity (worn)
 S - a +0 large shield
Jewellery
 a - the ring "Worehiel" (right claw) {rCorr rF++ rC+, =R}
   (You bought it in a shop on level 14 of the Dungeon)

   [ring of resist corrosion]

   It greatly protects you from fire.
   It protects you from cold.
 m - an amulet of faith (around neck) {!P}
 E - a ring of protection from magic (left claw)
Wands
 q - a wand of iceblast (23)
 x - a wand of polymorph (1)
 H - a wand of digging (8)
 L - a wand of flame (31)
 U - a wand of disintegration (11)
 W - a wand of paralysis (25)
Scrolls
 e - 9 scrolls of teleportation
 n - 13 scrolls of remove curse
 r - 3 scrolls of fear
 v - 8 scrolls of blinking
 y - 6 scrolls of fog
 A - 8 scrolls of magic mapping {unknown}
 C - a scroll of enchant weapon
 J - a scroll of enchant armour
 Q - 2 scrolls of vulnerability
 Y - a scroll of amnesia
 Z - 3 scrolls of identify
Potions
 g - 10 potions of curing
 k - 3 potions of might
 o - a potion of flight
 s - 6 potions of heal wounds
 t - 2 potions of agility
 z - 2 potions of resistance
 D - 4 potions of cancellation
 F - 3 potions of lignification {!q}
 I - a potion of invisibility
 T - a potion of haste
 X - 2 potions of ambrosia
Miscellaneous
 B - 2 boxes of beasts
Comestibles
 f - 41 rations
 h - a chunk of flesh


   Skills:
 + Level 8.8(13.8) Fighting
 + Level 12.7(17.7) Throwing
 + Level 4.7(9.7) Armour
 + Level 5.1(10.1) Dodging
 - Level 0.3(5.3) Stealth
 + Level 1.4(6.4) Shields
 * Level 17.8(22.8) Unarmed Combat
 - Level 8.0 Invocations
 + Level 4.3 Evocations


You had 14 spell levels left.
You didn't know any spells.
Your spell library contained the following spells:

 Spells                   Type           Power        Failure   Level  Hunger
 Animate Skeleton         Necr           N/A          45%         1    ##.....
 Confusing Touch          Hex            #.....       45%         1    ##.....
 Corona                   Hex            #......      45%         1    ##.....
 Flame Tongue             Conj/Fire      #....        45%         1    ##.....
 Infusion                 Chrm           #...         45%         1    ##.....
 Sting                    Conj/Pois      #...         45%         1    ##.....
 Ensorcelled Hibernation  Hex/Ice        #.....       61%         2    ###....
 Poisonous Vapours        Pois/Air       #.....       61%         2    ###....
 Shroud of Golubria       Chrm/Tloc      #.........   61%         2    ###....
 Song of Slaying          Chrm           #.......     61%         2    ###....
 Sublimation of Blood     Necr           #.........   61%         2    ###....
 Throw Flame              Conj/Fire      #.....       61%         2    ###....
 Confuse                  Hex            #.......     83%         3    ####...
 Conjure Flame            Conj/Fire      #.......     83%         3    ####...
 Dazzling Spray           Conj/Hex       #.....       83%         3    ####...
 Gell's Gravitas          Tloc           #.........   83%         3    ####...
 Ignite Poison            Fire/Tmut/Pois #.......     83%         3    ####...
 Inner Flame              Hex/Fire       #.......     83%         3    ####...
 Mephitic Cloud           Conj/Pois/Air  #.......     83%         3    ####...
 Regeneration             Chrm/Necr      #.........   83%         3    ####...
 Spectral Weapon          Hex/Chrm       #.......     83%         3    ####...
 Static Discharge         Conj/Air       #.......     83%         3    ####...
 Tukima's Dance           Hex            #.......     83%         3    ####...
 Leda's Liquefaction      Hex/Erth       #.........   99%         4    #####..
 Olgreb's Toxic Radiance  Pois           #.......     99%         4    #####..
 Petrify                  Tmut/Erth      #.......     99%         4    #####..
 Sticky Flame             Conj/Fire      #.......     99%         4    #####..
 Alistair's Intoxication  Tmut/Pois      #.......     100%        5    ######.
 Bolt of Magma            Conj/Fire/Erth #.........   100%        5    ######.
 Fireball                 Conj/Fire      #.........   100%        5    ######.
 Irradiate                Conj/Tmut      #.........   100%        5    ######.
 Iskenderun's Battlesphe  Conj/Chrm      #.......     100%        5    ######.
 Lightning Bolt           Conj/Air       #.........   100%        5    ######.
 Metabolic Englaciation   Hex/Ice        #.........   100%        5    ######.
 Silence                  Hex/Air        #.........   100%        5    ######.
 Venom Bolt               Conj/Pois      #.........   100%        5    ######.
 Yara's Violent Unravell  Hex/Tmut       #.........   100%        5    ######.
 Bolt of Fire             Conj/Fire      #.........   100%        6    #######
 Death Channel            Necr           #.........   100%        6    #######
 Iron Shot                Conj/Erth      #.........   100%        6    #######
 Statue Form              Tmut/Erth      #........    100%        6    #######
 Orb of Destruction       Conj           #.........   100%        7    #######
 Spellforged Servitor     Conj/Summ      #.........   100%        7    #######
 Shatter                  Erth           #.........   100%        9    #######


Dungeon Overview and Level Annotations

Branches:
Dungeon (15/15)            Temple (1/1) D:6            Lair (6/6) D:8
  Swamp (0/4) Lair:2        Snake (0/4) Lair:2        Slime (0/5) Lair:6
    Orc (2/2) D:12            Elf (0/3) Orc:2        Vaults (0/5) D:13
 Depths (0/5) D:15

Altars:
Ashenzari
Cheibriados
Dithmenos
Elyvilon
Fedhas
Gozag
Hepliaklqana
Kikubaaqudgha
Makhleb
Nemelex Xobeh
Okawaru
Qazlal
Ru
Sif Muna
Trog
Uskayaw
Vehumet
Wu Jian
Xom
Yredelemnul
Zin
The Shining One
Beogh
Jiyva

Shops:
D:7 *   D:11 *   D:12 [   D:13 *   D:14 =   Orc:2 :[(%}


Innate Abilities, Weirdness & Mutations

You are too large for most types of armour.
You have claws for hands.
Your metabolism is lightning-fast.
You like to eat raw meat.
Your natural rate of healing is unusually fast.
You are covered in fur. (AC +1)
You have very tough skin. (AC +2)


Message History

Unknown command.
As you read the scroll of teleportation, it crumbles to dust.
You feel strangely unstable.
Cornered, the centaur warrior turns to fight!
You feel much better.
The centaur warrior wields a +0 longbow.
The centaur warrior shoots an arrow.
The arrow hits you!
* * * LOW HITPOINT WARNING * * *
A yaktaur captain opens the door.
The centaur warrior unwields a +0 longbow.
The centaur warrior barely misses you.
There is an open door here.
The centaur warrior hits you!
* * * LOW HITPOINT WARNING * * *
The centaur warrior misses you.
You claw the centaur warrior!
The centaur warrior is moderately wounded.
The centaur warrior barely misses you.
The yaktaur shoots a bolt.
The bolt hits you!
You die...

.... #.. #..
#.############
#.#≈≈......@c#
######.#≈.#≈≈≈###'#
.......#...(..#((.#
.......'.##≈.(c.>.#
######.#......#...#
#.#≈.#≈≈≈###c#
#.#≈≈........#
#.############
#........


You could see a centaur warrior and a yaktaur.

Vanquished Creatures
  Gastronok (Lair:1)
  A tengu reaver (D:13)
  The ghost of zkyp the Blocker, a journeyman GnFi of Ashenzari (D:13)
  2 orc warlords
  A fire dragon (D:14)
  Josephine (D:14)
  Harold (D:7)
  A catoblepas (Lair:6)
  5 vault guards (D:13)
  6 hydras
  3 centaur warriors
  A two-headed ogre (D:11)
  Erica (D:10)
  3 ogre magi (D:13)
  3 death yaks
  2 orc high priests (Orc:2)
  A deep elf knight (D:13)
  Urug (D:10)
  3 unseen horrors
  An orc knight (Orc:1)
  A wolf spider (D:13)
  4 cyclopes (D:13)
  5 orc sorcerers
  4 manticores
  A deep elf mage (D:11)
  7 ugly things
  An oklob plant (Lair:2)
  6 black mambas
  5 elephants
  A guardian serpent (Lair:2)
  2 gargoyles
  3 rime drakes
  2 efreet (D:13)
  A yaktaur (D:13)
  11 spiny frogs
  7 komodo dragons
  2 queen bees
  8 trolls
  6 polar bears
  Prince Ribbit (D:7)
  A tyrant leech (Lair:2)
  8 hornets
  20 dream sheep
  14 hippogriffs
  14 blink frogs
  A meliai zombie (D:10)
  Sigmund (D:3)
  12 spriggans (Lair:6)
  10 wraiths
  3 shadows
  47 yaks
  5 wyverns
  3 basilisks
  A yak (shapeshifter) (D:14)
  3 hungry ghosts
  A vampire mosquito (D:11)
  Menkaure (Ossuary)
  6 wargs
  2 soldier ants
  Duvessa (D:7)
  15 water moccasins
  14 porcupines
  46 orc warriors
  6 black bears
  A hornet zombie (D:9)
  7 sky beasts
  7 ice beasts
  11 ogres
  8 boggarts
  A phantom (D:8)
  34 wolves
  10 centaurs
  4 crocodiles
  A big kobold (D:8)
  21 bullfrogs
  Dowan (D:6)
  A wyvern skeleton (D:13)
  5 scorpions
  35 killer bees
  A howler monkey (D:6)
  2 electric eels (Lair:4)
  5 crimson imps
  A centaur zombie (D:9)
  2 quasits
  9 hounds
  4 jellies
  26 orc wizards
  15 orc priests
  2 bullfrog skeletons (D:13)
  2 centaur skeletons
  Jessica (D:2)
  An iguana (D:7)
  3 hell rats
  10 worker ants
  3 hound skeletons
  3 hound zombies
  4 mummies
  A worker ant zombie (D:10)
  7 adders
  15 gnolls
  A river rat (D:8)
  4 shadow imps
  An adder zombie (D:8)
  8 worms
  A dart slug (D:1)
  3 leopard geckos
  106 orcs
  4 bats (D:3)
  3 giant cockroaches
  14 goblins
  4 hobgoblins
  3 quokkas
  A frilled lizard (D:1)
  5 gnoll skeletons (Ossuary)
  5 gnoll zombies (Ossuary)
  A goblin skeleton (Ossuary)
  3 goblin zombies (Ossuary)
  A hobgoblin skeleton (Ossuary)
  3 hobgoblin zombies (Ossuary)
  8 kobolds
  A kobold skeleton (Ossuary)
  3 kobold zombies (Ossuary)
  6 orc zombies (Ossuary)
  A quokka skeleton (D:4)
  6 rats
  6 rat skeletons (Ossuary)
  2 rat zombies (Ossuary)
  A fungus (Lair:6)
821 creatures vanquished.

Vanquished Creatures (others)
  An orc wizard (Orc:1)
  A gnoll zombie (Ossuary)
  A gnoll skeleton (Ossuary)
  2 goblin skeletons (Ossuary)
  A goblin zombie (Ossuary)
  3 hobgoblin skeletons (Ossuary)
  2 kobold skeletons (Ossuary)
  A kobold zombie (Ossuary)
  2 orc skeletons (Ossuary)
  A rat skeleton (Ossuary)
  18 fungi (Lair:6)
  3 plants (Lair:6)
36 creatures vanquished.

Grand Total: 857 creatures vanquished

Notes
Turn   | Place    | Note
-------+----------+-------------------------------------------
     0 | D:1      | mopl the Troll Hunter began the quest for the Orb.
     0 | D:1      | Reached XP level 1. HP: 19/19 MP: 0/0
   266 | D:1      | Reached skill level 1 in Unarmed Combat
   340 | D:1      | Reached XP level 2. HP: 23/27 MP: 1/1
   978 | D:2      | Found a glowing golden altar of the Shining One.
  1052 | D:2      | Noticed Jessica
  1056 | D:2      | Killed Jessica
  1056 | D:2      | Reached skill level 4 in Throwing
  1056 | D:2      | Reached skill level 2 in Unarmed Combat
  1056 | D:2      | Reached XP level 3. HP: 26/33 MP: 2/2
  1460 | D:3      | Found a hazy altar of Hepliaklqana.
  1460 | D:3      | Found a basalt altar of Yredelemnul.
  1460 | D:3      | Found an opulent altar of Gozag.
  1500 | D:3      | Reached skill level 3 in Unarmed Combat
  1500 | D:3      | Reached XP level 4. HP: 31/41 MP: 3/3
  1696 | D:3      | Found a bloodstained altar of Trog.
  1951 | D:3      | Noticed Sigmund
  1987 | D:3      | Killed Sigmund
  1987 | D:3      | Reached skill level 4 in Unarmed Combat
  1987 | D:3      | Reached XP level 5. HP: 24/48 MP: 4/4
  1987 | D:3      | Reached XP level 6. HP: 27/55 MP: 5/5
  2390 | D:4      | Reached skill level 5 in Unarmed Combat
  2429 | D:4      | Reached skill level 5 in Throwing
  2481 | D:4      | Found a sand-covered staircase.
  2489 | Ossuary  | Entered an ossuary
  2737 | Ossuary  | Noticed Menkaure
  2759 | Ossuary  | Killed Menkaure
  2759 | Ossuary  | Reached XP level 7. HP: 10/62 MP: 6/6
  2865 | Ossuary  | Reached skill level 6 in Unarmed Combat
  3331 | D:5      | Entered Level 5 of the Dungeon
  3500 | D:5      | Reached skill level 7 in Unarmed Combat
  3504 | D:5      | Reached skill level 6 in Throwing
  3774 | D:6      | Reached XP level 8. HP: 59/70 MP: 7/7
  3809 | D:6      | Found a staircase to the Ecumenical Temple.
  3843 | Temple   | Entered the Ecumenical Temple
  3897 | Temple   | Became a worshipper of Warmaster Okawaru
  3949 | D:6      | Found a stormy altar of Qazlal.
  3980 | D:6      | Reached skill level 8 in Unarmed Combat
  4309 | D:6      | Noticed an air elemental
  4487 | D:7      | Noticed Duvessa
  4489 | D:7      | Reached skill level 1 in Invocations
  4492 | D:7      | Noticed Dowan
  4502 | D:7      | Killed Duvessa
  4506 | D:6      | Killed Dowan
  4604 | D:7      | Noticed Prince Ribbit
  4605 | D:7      | Reached * piety under Okawaru
  4608 | D:7      | Reached skill level 2 in Invocations
  4616 | D:7      | Killed Prince Ribbit
  4616 | D:7      | Reached skill level 9 in Unarmed Combat
  4808 | D:7      | Reached skill level 7 in Throwing
  4906 | D:7      | Reached XP level 9. HP: 74/76 MP: 9/9
  4932 | D:7      | Noticed Harold
  4950 | D:7      | Killed Harold
  4950 | D:7      | Reached ** piety under Okawaru
  4950 | D:7      | Reached skill level 3 in Invocations
  4994 | D:7      | Reached skill level 10 in Unarmed Combat
  5022 | D:7      | Found Fiabb's General Store.
  5025 | D:7      | Bought a potion of cancellation for 104 gold pieces
  5025 | D:7      | Bought a potion of invisibility for 104 gold pieces
  5025 | D:7      | Bought a scroll of enchant weapon for 97 gold pieces
  5295 | D:7      | Killed an unseen horror
  5295 | D:7      | Reached skill level 4 in Invocations
  5589 | D:8      | Noticed a death yak
  5589 | D:8      | Noticed a death yak
  5601 | D:8      | Noticed a death yak
  5751 | D:7      | Killed a death yak
  5751 | D:7      | Reached *** piety under Okawaru
  5751 | D:7      | Reached skill level 8 in Throwing
  5751 | D:7      | Reached skill level 11 in Unarmed Combat
  5751 | D:7      | Reached XP level 10. HP: 37/85 MP: 9/12
  6009 | D:8      | Found a staircase to the Lair.
  6170 | D:8      | Found a sparkling altar of Nemelex Xobeh.
  6223 | D:8      | Reached skill level 5 in Invocations
  6379 | D:8      | Killed a death yak
  6379 | D:8      | Reached **** piety under Okawaru
  6383 | D:8      | Killed a death yak
  6383 | D:8      | Received a gift from Okawaru
  6708 | D:9      | Reached skill level 12 in Unarmed Combat
  6747 | D:9      | Reached skill level 6 in Invocations
  6764 | D:9      | Got a smoking hunting sling
  6907 | D:9      | Found a stormy altar of Qazlal.
  6938 | D:9      | Reached skill level 9 in Throwing
  7313 | D:9      | Reached ***** piety under Okawaru
  7318 | D:9      | Received a gift from Okawaru
  7318 | D:9      | Reached XP level 11. HP: 77/92 MP: 12/14
  7403 | D:10     | Entered Level 10 of the Dungeon
  7607 | D:10     | Noticed Erica
  7631 | D:10     | Killed Erica
  7631 | D:10     | Received a gift from Okawaru
  7631 | D:10     | Reached skill level 2 in Fighting
  7749 | D:10     | Noticed Urug
  7770 | D:10     | Killed Urug
  8073 | D:10     | Received a gift from Okawaru
  8423 | D:11     | Noticed a cyan ugly thing
  8433 | D:11     | Killed a cyan ugly thing
  8433 | D:11     | Reached skill level 13 in Unarmed Combat
  8433 | D:11     | Noticed a green ugly thing
  8587 | D:11     | Reached skill level 7 in Invocations
  8639 | D:11     | Reached skill level 3 in Fighting
  8782 | D:11     | Noticed a two-headed ogre
  8784 | D:11     | Killed a two-headed ogre
  8877 | D:11     | Received a gift from Okawaru
  8955 | D:11     | Found a shadowy altar of Dithmenos.
  8975 | D:11     | Noticed a red ugly thing
  8995 | D:11     | Killed a red ugly thing
  8999 | D:11     | Killed a green ugly thing
  9067 | D:11     | Reached skill level 10 in Throwing
  9067 | D:11     | Reached XP level 12. HP: 67/107 MP: 16/16
  9309 | D:11     | Reached skill level 4 in Fighting
  9466 | D:11     | Found Atifoaw's General Store.
  9474 | D:11     | Bought a scroll of blinking for 105 gold pieces
  9474 | D:11     | Bought a potion of haste for 140 gold pieces
 10082 | D:12     | Found a staircase to the Orcish Mines.
 10201 | D:12     | Found Jyuneceg's Armour Shop.
 10218 | D:12     | Reached skill level 14 in Unarmed Combat
 10708 | Lair:1   | Entered Level 1 of the Lair of Beasts
 10717 | Lair:1   | Identified the +4 hunting sling of the Tent {venom, rF+
                  | Dex+3 SInv} (You found it on level 9 of the Dungeon)
 10841 | Lair:1   | Reached skill level 8 in Invocations
 10969 | Lair:1   | Noticed Gastronok
 10995 | Lair:1   | Killed Gastronok
 11284 | Lair:1   | Received a gift from Okawaru
 11290 | Lair:1   | Reached skill level 5 in Fighting
 11747 | Orc:1    | Entered Level 1 of the Orcish Mines
 11788 | Orc:1    | Noticed an orc warlord
 11819 | D:12     | Killed an orc warlord
 11819 | D:12     | Received a gift from Okawaru
 12189 | Orc:1    | Received a gift from Okawaru
 12189 | Orc:1    | Reached skill level 15 in Unarmed Combat
 12434 | Orc:2    | Entered Level 2 of the Orcish Mines
 12586 | Orc:2    | Found a staircase to the Elven Halls.
 12595 | Orc:2    | Found a roughly hewn altar of Beogh.
 12636 | Orc:2    | Reached XP level 13. HP: 114/120 MP: 18/18
 12708 | Orc:2    | Found Ates Vih's Food Boutique.
 12923 | Orc:1    | Reached skill level 11 in Throwing
 13017 | Orc:2    | Found a roughly hewn altar of Beogh.
 13071 | Orc:1    | Reached skill level 6 in Fighting
 13234 | Orc:2    | Found a roughly hewn altar of Beogh.
 13237 | Orc:2    | Found Jireigin's Gadget Boutique.
 13385 | Orc:2    | Received a gift from Okawaru
 13655 | Orc:2    | Found a roughly hewn altar of Beogh.
 13771 | Orc:2    | Found Meqyiq's Book Boutique.
 13877 | Orc:2    | Noticed an orc warlord
 13973 | Orc:2    | Killed an orc warlord
 14177 | Orc:2    | Found Geirirch's Antique Weapon Boutique.
 14178 | Orc:2    | Found a roughly hewn altar of Beogh.
 14179 | Orc:2    | Found Rihachec's Antique Armour Shop.
 14187 | Orc:2    | Bought an ominously black robe for 136 gold pieces
 14355 | Orc:2    | Identified the +2 robe of the Sea {Dex+3} (You bought it in
                  | a shop on level 2 of the Orcish Mines)
 14552 | Lair:2   | Received a gift from Okawaru
 14594 | Lair:2   | Found a staircase to the Snake Pit.
 14725 | Lair:2   | Reached skill level 16 in Unarmed Combat
 14808 | Lair:2   | Found a staircase to the Swamp.
 15091 | Lair:2   | Reached skill level 7 in Fighting
 15189 | Lair:2   | Received a gift from Okawaru
 15683 | Lair:3   | Received a gift from Okawaru
 16049 | Lair:3   | Reached XP level 14. HP: 55/133 MP: 17/19
 16233 | Lair:3   | Reached skill level 1 in Armour
 16491 | Lair:4   | Reached skill level 2 in Dodging
 16597 | Lair:4   | Reached skill level 1 in Evocations
 16887 | Lair:4   | Reached skill level 12 in Throwing
 17304 | Lair:5   | Reached skill level 2 in Armour
 17331 | Lair:5   | Reached skill level 2 in Evocations
 17819 | Lair:5   | Reached skill level 3 in Dodging
 18295 | Lair:6   | Entered Level 6 of the Lair of Beasts
 18321 | Lair:6   | Received a gift from Okawaru
 18657 | Lair:6   | Reached skill level 17 in Unarmed Combat
 18690 | Lair:6   | Reached skill level 8 in Fighting
 18702 | Lair:6   | Identified the Handbook of Poisonous Evil Rituals
 18788 | Lair:6   | Reached skill level 3 in Armour
 18970 | Lair:6   | Reached skill level 3 in Evocations
 19280 | Lair:6   | Reached skill level 4 in Dodging
 19408 | Lair:6   | Reached XP level 15. HP: 132/143 MP: 20/20
 19517 | Lair:6   | Found a viscous altar of Jiyva.
 19517 | Lair:6   | Found a staircase to the Slime Pits.
 20168 | D:13     | Received a gift from Okawaru
 20264 | D:13     | Identified the Incunabulum of the Yeti
 20645 | D:13     | Got a clouded wooden ring
 20646 | D:13     | Identified the ring "Wycif" {*Tele rElec rPois rF-} (You
                  | found it on level 13 of the Dungeon)
 20655 | D:13     | Identified the Collected Works on Fiery Feathers
 20670 | D:13     | Got a bloodstained trident
 20671 | D:13     | Identified the +4 trident of Dieplory {protect, rC+ MR+
                  | Dex+2} (You found it on level 13 of the Dungeon)
 20795 | D:13     | Received a gift from Okawaru
 20801 | D:13     | Got slimy swamp dragon scales {god gift}
 20814 | D:13     | Identified the +1 swamp dragon scales of the Commoners
                  | {+Fly rPois Str+3 Dex-4} (Okawaru gifted it to you on level
                  | 13 of the Dungeon)
 20845 | D:13     | Reached skill level 4 in Armour
 20865 | D:13     | Found a runed gate.
 20865 | D:13     | Found a runed gate.
 21154 | D:13     | Found a runed gate.
 21158 | D:13     | Found an opulent altar of Gozag.
 21159 | D:13     | Found Mowkuuli's Assorted Antiques.
 21159 | D:13     | Noticed zkyp's ghost (journeyman GnFi)
 21163 | D:13     | Noticed a tengu reaver
 21313 | D:13     | Reached skill level 4 in Evocations
 21412 | D:13     | Found a gate to the Vaults.
 21916 | D:13     | Killed zkyp's ghost
 21924 | D:13     | Killed a tengu reaver
 21927 | D:13     | Received a gift from Okawaru
 21927 | D:13     | Reached skill level 5 in Dodging
 21968 | D:13     | Bought a scroll of fog for 64 gold pieces
 21968 | D:13     | Bought a scroll of teleportation for 96 gold pieces
 21968 | D:13     | Bought a potion of agility for 128 gold pieces
 22016 | D:14     | Noticed Josephine
 22022 | D:14     | Killed Josephine
 22022 | D:14     | Reached skill level 1 in Shields
 22084 | D:14     | Found Casaq's Jewellery Boutique.
 22092 | D:14     | Bought the ring "Worehiel" {rCorr rF++ rC+} for 669 gold
                  | pieces
 22128 | D:14     | Found a white marble altar of Elyvilon.
 22683 | D:14     | Found a glowing golden altar of the Shining One.
 22811 | D:15     | Entered Level 15 of the Dungeon
 22848 | D:15     | Received a gift from Okawaru
 22914 | D:15     | Found a staircase to the Depths.
 22919 | D:15     | HP: 5/145 [centaur warrior (8)]
 22925 | D:15     | HP: 4/145 [centaur warrior (13)]
 22926 | D:15     | Shot with a bolt by a yaktaur

Vault maps used:
D:1:      mushboom_english_gardens
D:2:      nicolae_overflow_crystal_walls, uniq_jessica
D:3:      chequers_temple_overflow_statue_of_worship, first_ration, bloody_trog,
          uniq_sigmund
D:4:      gup_ossuary_entry_pyramid, minmay_ogre_servants
D:6:      minmay_temple_entry_glass, nicolae_qazlal_style_of_elements
D:7:      serial_shops, nicolae_shop_behind_doors, uniq_prince_ribbit1,
          uniq_harold, uniq_duvessa
D:8:      nemelex_xobeh_ov_fountains_minmay, dpeg_lair_monsters
D:9:      basic_altar
D:10:     uniq_urug, uniq_erica
D:11:     minmay_curly_fans, serial_shops, shop, hangedman_pestilent_swarm,
          grunt_dithmenos_smoke_and_mirrors
D:12:     david_orc_2, serial_shops, nicolae_shop_stone
D:13:     minmay_the_grid_4x2, grunt_vaults_entry_fortified, ebering_ghost_gozag
D:14:     basic_altar, serial_shops, shop, elyvilon_altar_3, spider_trap,
          uniq_josephine
D:15:     grunt_enter_depths_snipers, minivault_24
Temple:   kb_temple_of_zot
Lair:1:   special_room, uniq_gastronok
Lair:2:   regret_index_combs_of_tragedy, minmay_swamp_entry_worms,
          minmay_snake_entry_spellcaster, st_stairs_3,
          infiniplex_staircase_pool_2
Lair:4:   grunt_megastairs_1, serial_bayou_shore_a
Lair:5:   minivault_23, kilobyte_rumbling_trees
Lair:6:   minmay_lair_end_enchanted_forest, slime_altar_1, serial_bayou_pond_e,
          serial_bayou_pond_b, st_stairs_6
Orc:1:    lightli_orcish_oven
Orc:2:    grunt_orc_community_town_hall, grunt_orc_community_big_house_2,
          grunt_orc_community_big_house_2, grunt_orc_community_house_3,
          grunt_orc_community_house_1, grunt_orc_community_house_1,
          grunt_orc_community_house_2, grunt_orc_community_house_2,
          serial_shops, shop_fountains
Ossuary:  ossuary_due_pyramid

Skill      XL: |  1  2  3  4  5  6  7  8  9 10 11 12 13 14 15 |
---------------+----------------------------------------------+-----
Unarmed Combat | 1 2 3 4 5 7 9 11 12 13 15 16 17 | 17.8
Throwing       | 4 5 6 7 8 9 10 11 12 | 12.7
Invocations    | 2 4 6 7 8 |  8.0
Fighting       | 3 5 7 8 |  8.8
Armour         | 3 4 |  4.7
Dodging        | 4 5 |  5.1
Evocations     | 3 4 |  4.3
Shields        | 1 |  1.4
Stealth        | |  0.3

Action                   |  1- 3 |  4- 6 |  7- 9 | 10-12 | 13-15 || total
-------------------------+-------+-------+-------+-------+-------++-------
Melee: Unarmed           |    73 |   140 |   240 |   665 |  1195 ||  2313
       Punch             |       |       |    15 |    39 |   120 ||   174
 Fire: Blowgun           |       |       |     7 |    69 |    11 ||    87
       Hunting sling     |       |       |       |       |     2 ||     2
Throw: Tomahawk          |       |       |    12 |    58 |   182 ||   252
       Stone             |       |       |     1 |    16 |    14 ||    31
       Javelin           |       |       |       |    24 |       ||    24
       Large rock        |       |       |       |     2 |     8 ||    10
       Throwing net      |       |       |       |       |     5 ||     5
Invok: Heroism           |       |       |     5 |    30 |    44 ||    79
       Finesse           |       |       |       |       |     1 ||     1
Evoke: Wand              |       |     2 |     2 |     2 |     2 ||     8
  Use: Scroll            |       |       |     9 |    16 |     9 ||    34
       Potion            |       |       |       |     2 |     4 ||     6
 Stab: Sleeping          |     1 |     1 |     2 |     1 |     1 ||     6
       Held in net/web   |       |       |       |       |     4 ||     4
       Distracted        |       |       |       |       |     2 ||     2
  Eat: Chunk             |    18 |    12 |    24 |    83 |    93 ||   230
Armor: Robe              |    22 |    33 |    57 |   113 |       ||   225
       Skin              |       |     1 |       |    17 |     5 ||    23
       Troll leather arm |       |       |       |    92 |   269 ||   361
Dodge: Dodged            |    25 |    70 |    91 |   303 |   601 ||  1090

Table legend:
 A = Non-vault XP
 B = Vault XP
 C = Vault XP percentage of total XP
 D = Non-vault monster count
 E = Vault monster count
 F = Vault count percentage of total count
                 A         B        C        D         E       F
            +---------+---------+-------+---------+---------+-------
      Total |   70615 |   68041 |  49.1 |     494 |     318 |  39.2
            +---------+---------+-------+---------+---------+-------
        D:1 |      14 |       0 |   0.0 |       7 |       0 |   0.0
        D:2 |      41 |      37 |  47.4 |      16 |       1 |   5.9
        D:3 |      90 |     238 |  72.6 |      19 |       1 |   5.0
        D:4 |     139 |     155 |  52.7 |       7 |      10 |  58.8
        D:5 |     466 |       0 |   0.0 |       7 |       0 |   0.0
        D:6 |     451 |      81 |  15.2 |      11 |       1 |   8.3
        D:7 |    1670 |    2266 |  57.6 |      18 |       4 |  18.2
        D:8 |    1283 |    1966 |  60.5 |      42 |       6 |  12.5
        D:9 |    2606 |       0 |   0.0 |      27 |       0 |   0.0
       D:10 |    2282 |    1716 |  42.9 |      17 |       2 |  10.5
       D:11 |    4643 |    3188 |  40.7 |      34 |      10 |  22.7
       D:12 |    4644 |     270 |   5.5 |      26 |       6 |  18.8
       D:13 |    5922 |   22697 |  79.3 |      38 |      46 |  54.8
       D:14 |    2731 |    2106 |  43.5 |       5 |       6 |  54.5
       D:15 |    1165 |       0 |   0.0 |       3 |       0 |   0.0
     Lair:1 |    2266 |    3452 |  60.4 |      12 |      17 |  58.6
     Lair:2 |    4122 |    6552 |  61.4 |      15 |      42 |  73.7
     Lair:3 |    4779 |       0 |   0.0 |      31 |       0 |   0.0
     Lair:4 |    6255 |    2781 |  30.8 |      25 |       9 |  26.5
     Lair:5 |    6674 |    1163 |  14.8 |      27 |       7 |  20.6
     Lair:6 |   11875 |   10031 |  45.8 |      36 |      48 |  57.1
      Orc:1 |    3977 |     410 |   9.3 |      43 |       9 |  17.3
      Orc:2 |    2520 |    8695 |  77.5 |      28 |      62 |  68.9
    Ossuary |       0 |     237 | 100.0 |       0 |      31 | 100.0
            +---------+---------+-------+---------+---------+-------
